 Dungeon Crawl Stone Soup version 0.29-a0-322-g68df515428 (webtiles) character file.

Game seed: 6184265607867211541

131 spaghetti the Chopper (level 4, -3/52 HPs)
             Began as a Demonspawn Berserker on Apr 5, 2022.
             Was a Follower of Trog.
             Killed from afar by an orc wizard (5 damage)
             ... with a puff of flame
             ... on level 3 of the Dungeon.
             The game lasted 00:03:09 (2410 turns).

spaghetti the Chopper (Demonspawn Berserker)        Turns: 2410, Time: 00:03:10

Health: -3/52      AC:  5    Str: 19    XL:     4   Next: 91%
Magic:  4/4        EV: 12    Int:  8    God:    Trog [*.....]
Gold:   124        SH:  0    Dex: 13    Spells: 3/3 levels left

rFire   . . .      SeeInvis .   i - +0 broad axe (drain) {axe}
rCold   . . .      Faith    .   (no shield)
rNeg    . . .      Spirit   .   b - +1 animal skin
rPois   .          Reflect  .   (no helmet)
rElec   .          Harm     .   (no cloak)
rCorr   .          Rampage  .   (no gloves)
Will    .....                   (no boots)
Stlth   ..........              (no amulet)
HPRegen 0.17/turn               (no ring)
MPRegen 0.09/turn               (no ring)

@: berserking, very quick
A: icy blue scales 1, icemail 1, condensation shield
a: Renounce Religion, Berserk


You were on level 3 of the Dungeon.
You worshipped Trog.
Trog was aware of your devotion.
You visited 1 branch of the dungeon, and saw 3 of its levels.

You collected 124 gold pieces.


Innate Abilities, Weirdness & Mutations

You are partially covered in icy blue scales. (AC +2)
A meltable icy envelope protects you from harm. (AC +0)
A meltable shield of frost defends you. (SH +0)


   Skills:
 + Level 3.0 Fighting
 + Level 4.9(5.0) Axes
 - Level 0.8(3.1) Maces & Flails
 + Level 0.3 Throwing
 - Level 1.7 Armour
 - Level 1.7 Dodging


You had 3 spell levels left.
You didn't know any spells.
Your spell library was empty.

Inventory:

Hand Weapons
 a - a +0 hand axe {axe}
 i - a +0 broad axe of draining (weapon) {axe}
   (You found it on level 1 of the Dungeon)
Missiles
 d - a stone (quivered) {throwing}
 n - a throwing net {=f!fthrowing}
Armour
 b - a +1 animal skin (worn)
Jewellery
 c - a ring of protection from cold
   (You found it on level 1 of the Dungeon)
Wands
 l - a wand of polymorph (9)
   (You found it on level 3 of the Dungeon)
Scrolls
 e - a scroll of immolation {!r!r}
 m - a scroll of teleportation {unknown}
Potions
 f - 2 potions of haste {@q3}
 g - 2 potions of curing {@q1}
 h - a potion of flight {unknown}
 j - a potion of cancellation {unknown}
 k - a potion of lignification {unknown}

Dungeon Overview and Level Annotations

Branches:
Dungeon (3/15)

Altars:
Kikubaaqudgha

# .. ### #.. ..#
# .. #.# #
#o##.###.# #
#oo{)....# #
##@###### #
#..#..###....(..#
#####
...............#
.....
..#.###.......#
.....
.............#
.....
[............#
#####
#.#.........# # #
##††........# ###
#. #.#.#.######


You could see an orc priest and 2 orcs.


Message History

You closely miss the jackal. The jackal barely misses you.
The jackal closely misses you.
You miss the jackal.
The jackal bites you but does no damage.
The jackal closely misses you.
You closely miss the jackal.
The jackal bites you but does no damage. x2
You slash the jackal!
You kill the jackal!
Trog accepts your kill.
No target in view!
No target in view!
No target in view!
No target in view!
No target in view!
No target in view!
No target in view!
No target in view!
No target in view!
No target in view!
No target in view!
You see here a jackal corpse.
k - a cyan potion
l - a wand of polymorph (9)
m - a scroll labelled LAHE JOAHO
Found a stone staircase leading up.
No target in view!
A rat comes into view.
A rat is nearby!
A rat is nearby!
A rat is nearby!
A rat is nearby!
A bat comes into view.
The helpless rat fails to defend itself.
You hit the rat. You block the rat's attack. The rat closely misses you.
You barely miss the rat. You slash the bat!
You kill the bat!
Trog accepts your kill. The rat closely misses you.
You slash the rat!
You kill the rat!
Trog accepts your kill.
No target in view!
No target in view!
No target in view!
No target in view!
No target in view!
No target in view!
No target in view!
No target in view!
No target in view!
No target in view!
No target in view!
n - a throwing net {=f!fthrowing} You now have 109 gold pieces (gained 5).
You now have 124 gold pieces (gained 15).
An orc comes into view. It is wielding a +0 dagger.
The orc shouts!
You hear a shout!
An orc wizard comes into view. It is wielding a +0 dagger.
There are monsters nearby!
There are monsters nearby!
An orc comes into view. It is wielding a +0 short sword.
The orc moves out of view.
An orc comes into view. It is wielding a +0 mace.
You barely miss the orc.
The orc shouts!
You hear a shout!
The orc hits you with a +0 dagger.
You hear an angry hiss. 😕 HP[-1]
You take 1 damage, and now have 34/35 hp.
You slash the orc!
You kill the orc!
Trog accepts your kill.
An orc priest comes into view. It is wielding a +0 mace.
The orc priest calls down the wrath of Beogh upon you.
Beogh smites you! 😮 HP[-10]
You take 10 damage, and now have 24/35 hp.
MASSIVE DAMAGE!! (PAUSE)
You are too injured to fight recklessly!
You closely miss the orc wizard.
The orc wizard gestures wildly while chanting.
The orc wizard flickers and vanishes!
Deactivating autopickup; reactivate with Ctrl-A.
You closely miss something.
A ball python comes into view.
Something hits you. x2
The orc priest calls down the wrath of Beogh upon you.
Beogh smites you!
* * * LOW HITPOINT WARNING * * *
😱 HP[-23]
You take 23 damage, and now have 1/35 hp.
MASSIVE DAMAGE!! (PAUSE)
A red film seems to cover your vision as you go berserk!
You feel yourself moving faster!
You feel mighty!
You hear some strange, mumbled words.
A puff of flame appears from out of thin air!
The puff of flame hits you.
Your icy defenses dissipate!
You die...

Skill      XL: |  1  2  3 |
---------------+----------+-----
Axes           | 3 4 |  4.9
Fighting       | |  3.0
Maces & Flails | |  0.8
Throwing       | |  0.3
Armour         | |  1.7
Dodging        | |  1.7

Action                   |  1- 3 |  4- 6 || total
-------------------------+-------+-------++-------
Melee: Hand axe          |    25 |       ||    25
       Broad axe         |    61 |    36 ||    97
       Punch             |     1 |       ||     1
Throw: Stone             |       |     1 ||     1
Invok: Berserk           |     1 |     1 ||     2
  Use: Scroll            |    10 |       ||    10
 Stab: Sleeping          |     1 |     1 ||     2
Armor: Animal skin       |    17 |    19 ||    36
Dodge: Dodged            |    60 |    18 ||    78
Block: Other             |     7 |     7 ||    14

Levels and vault maps discovered:
D:1:      lightli_arrival_boilingwater, layout_loops_ring,
          chequers_ecumenical_altar_grove, minmay_misc_feat_secret_circle,
          dk_noncrumbling_2
D:2:      layout_loops_ring, basic_altar
D:3:      layout_loops_cross

Notes
Turn   | Place    | Note
-------+----------+-------------------------------------------
     0 | D:1      | spaghetti the Demonspawn Berserker began the quest for the
                  | Orb.
     0 | D:1      | Reached XP level 1. HP: 18/18 MP: 1/1
     0 | D:1      | magus.rc [v1.9.6]
   158 | D:1      | Reached skill level 3 in Axes
   171 | D:1      | HP: 6/27 [ball python (2)]
   174 | D:1      | Gained mutation: You are partially covered in icy blue
                  | scales. (AC +2) [demonic ancestry]
   174 | D:1      | Reached XP level 2. HP: 6/24 MP: 2/2
  1166 | D:1      | Gained mutation: A meltable shield of frost defends you.
                  | (SH +0) [demonic ancestry]
  1166 | D:1      | Reached XP level 3. HP: 29/29 MP: 3/3
  1286 | D:1      | Found a faded altar of an unknown god.
  1386 | D:2      | Found an ancient bone altar of Kikubaaqudgha.
  1443 | D:2      | Reached skill level 4 in Axes
  2181 | D:3      | Gained mutation: A meltable icy envelope protects you from
                  | harm. (AC +0) [demonic ancestry]
  2181 | D:3      | Reached XP level 4. HP: 35/35 MP: 4/4
  2409 | D:3      | HP: 1/35 [orc priest/divine providence (17)]
  2410 | D:3      | Killed from afar by an orc wizard

Vanquished Creatures
  2 orc wizards (D:3)
  2 adders
  A gnoll (D:1)
  2 dart slugs
  4 orcs (D:3)
  2 endoplasms
  A giant cockroach (D:3)
  3 goblins
  8 hobgoblins
  4 jackals (D:3)
  A kobold (D:1)
  2 quokkas (D:1)
  5 ball pythons
  2 bats
  2 frilled lizards (D:1)
  3 rats
44 creatures vanquished.

Table legend:
 A = Non-vault XP
 B = Vault XP
 C = Vault XP percentage of total XP
 D = Non-vault monster count
 E = Vault monster count
 F = Vault count percentage of total count
                 A         B        C        D         E       F
            +---------+---------+-------+---------+---------+-------
      Total |     188 |       0 |   0.0 |      44 |       0 |   0.0
            +---------+---------+-------+---------+---------+-------
        D:1 |      48 |       0 |   0.0 |      20 |       0 |   0.0
        D:2 |      31 |       0 |   0.0 |       9 |       0 |   0.0
        D:3 |     109 |       0 |   0.0 |      15 |       0 |   0.0
            +---------+---------+-------+---------+---------+-------

Illustrated notes

Table legend:
 A = Kills in this place as a percentage of kills in entire the game.
 B = Kills by you in this place as a percentage of kills by you in the entire game.
 C = Kills by friends in this place as a percentage of kills by friends in the entire game.
 D = Other kills in this place as a percentage of other kills in the entire game.
 E = Experience gained in this place as a percentage of experience gained in the entire game.
 F = Experience gained in this place divided by the number of levels of this place that you have seen.
                   A       B       C       D       E      F
               +-------+-------+-------+-------+-------+----------------------
         Total | 100.0 | 100.0 |   N/A |   N/A | 100.0 |  62.7
       Dungeon | 100.0 | 100.0 |   N/A |   N/A | 100.0 |  62.7
               +-------+-------+-------+-------+-------+----------------------

Table legend: (Time is in decaauts)
 A = Elapsed time spent in this place.
 B = Non-inter-level travel time spent in this place.
 C = Inter-level travel time spent in this place.
 D = Time resting spent in this place.
 E = Time spent auto-exploring this place.
 F = Levels seen in this place.
 G = Mean time per level.
                   A        B        C        D        E       F      G
               +--------+--------+--------+--------+--------+-----+--------+
         Total |   2467 |   2383 |     84 |    715 |   1356 |   3 |  822.3 |
       Dungeon |   2467 |   2383 |     84 |    715 |   1356 |   3 |  822.3 |
               +--------+--------+--------+--------+--------+-----+--------+

Top non-repeatable levels by time:
     D:1: 1366 daAuts
     D:2: 757 daAuts
     D:3: 343 daAuts
